 Dungeon Crawl Stone Soup version 0.31-a0-246-g8cbcc1cb85 (webtiles) character file.

Game seed: 17369683409002917760

151 qw the Shooter (level 5, -5/30 HPs)
             Began as a Gargoyle Hexslinger on July 12, 2023.
             Slain by an acid dragon (6 damage)
             ... on level 4 of the Dungeon.
             The game lasted 00:00:50 (1694 turns).

qw the Shooter (Gargoyle Hexslinger)                Turns: 1694, Time: 00:00:51

Health: -5/30      AC: 11    Str: 12    XL:     5   Next: 33%
Magic:  6/6        EV: 10    Int: 13    God:
Gold:   209        SH:  0    Dex: 14    Spells: 5/6 levels left

rFire   . . .        Y - +1 sling
rCold   . . .        (no shield)
rNeg    + . .        f - +0 ring mail
rPois   inf          c - +0 helmet
rElec   +            g - +0 cloak
rCorr   .            (no gloves)
SInv    .            (no boots)
Will    +....        (no amulet)
Stlth   +            i - ring of willpower
HPRegen 0.25/turn    (no ring)
MPRegen 0.10/turn

%: no passive effects
@: brilliant
A: sickness immunity, AC +4, negative energy resistance 1, electricity
resistance, torment resistance 1, petrification resistance
a: no special abilities


You were on level 4 of the Dungeon.
You visited 1 branch of the dungeon, and saw 4 of its levels.

You collected 209 gold pieces.


Innate Abilities, Weirdness & Mutations

You are immune to sickness and miasma.
Your stone body is resilient. (AC +4)
You are immune to poison.
You resist negative energy. (rN+)
You are resistant to electric shocks. (rElec)
You are resistant to unholy torment.
You are immune to petrification.


   Skills:
 - Level 2.0 Fighting
 + Level 4.9 Ranged Weapons
 - Level 1.0 Armour
 - Level 1.5 Dodging
 - Level 1.0 Spellcasting
 - Level 2.6 Hexes


You had 5 spell levels left.
You knew the following spells:

 Your Spells              Type           Power      Damage    Failure   Level
a - Slow                  Hex            44%        N/A       22%         1

Your spell library contained the following spells:

 Spells                   Type           Power      Damage    Failure   Level
 Inner Flame              Hex/Fire       6%         N/A       73%         3
 Portal Projectile        Hex/Tloc       12%        N/A       73%         3
 Cause Fear               Hex            5%         N/A       91%         4

Inventory:

Hand Weapons
 Y - a +1 sling (weapon)
Armour
 c - a +0 helmet (worn)
 f - a +0 ring mail (worn)
 g - a +0 cloak (worn)
Jewellery
 i - a ring of willpower (left hand)
Potions
 a - a potion of mutation {unknown}
 b - a potion of magic {unknown}
 d - a potion of resistance
 e - a potion of might
 h - a potion of cancellation {unknown}

Dungeon Overview and Level Annotations

Branches:
Dungeon (4/15)
 Temple: D:4-7

Altars:

Shops:
D:1 :


Message History

You shoot a sling bullet.
The sling bullet hits the acid dragon but does no damage.
The acid dragon is moderately wounded.
You shoot a sling bullet. The sling bullet hits the acid dragon.
The acid dragon is moderately wounded.
You shoot a sling bullet.
The sling bullet closely misses the acid dragon.
The acid dragon bites you but does no damage.
The acid dragon misses you.
You shoot a sling bullet.
The sling bullet barely misses the acid dragon.
The acid dragon barely misses you. x2
You shoot a sling bullet. The sling bullet hits the acid dragon.
The acid dragon is heavily wounded.
The acid dragon barely misses you.
The acid dragon claws you but does no damage.
You shoot a sling bullet. The sling bullet hits the acid dragon.
The acid dragon is severely wounded.
The acid dragon spits acid at you. The splash of acid misses you.
The acid dragon spits acid at you. The splash of acid hits you!
Ouch! That really hurt!
You shoot a sling bullet.
The sling bullet completely misses the acid dragon.
The acid dragon bites you! The acid dragon closely misses you.
You shoot a sling bullet. The sling bullet hits the acid dragon.
The acid dragon is almost dead.
The acid dragon bites you but does no damage.
The acid dragon misses you.
You shoot a sling bullet.
The sling bullet barely misses the acid dragon.
The acid dragon bites you.
The acid dragon claws you but does no damage.
You shoot a sling bullet.
The sling bullet barely misses the acid dragon.
The acid dragon closely misses you.
The acid dragon claws you but does no damage.
The acid dragon bites you.
You die...

#......# .. ##......###
#. ..#. #.........# ..
.... ##.......#.# .#
...# ... .... #.#..# ...
#.. #.###.#..# ...
.#..##........####.####.
.......###.##...........
.....<....#.####@D##.##
##.......###............
#####.##.#.############
...###.## ##### ###


You could see an acid dragon.

Vanquished Creatures
  Natasha (thrice) (D:2)
  An adder (D:3)
  3 worms
  An orc (D:3)
  7 bats
  4 endoplasms
  2 giant cockroaches (D:2)
  2 goblins
  7 hobgoblins
  5 jackals (D:2)
  2 quokkas (D:1)
  7 ball pythons
  A frilled lizard (D:1)
  5 kobolds
  6 rats
56 creatures vanquished.

Notes
Turn   | Place    | Note
-------+----------+-------------------------------------------
     0 | D:1      | qw the Gargoyle Hexslinger began the quest for the Orb.
     0 | D:1      | Reached XP level 1. HP: 12/12 MP: 2/2
     0 | D:1      | 0 ||| qw: Version: 0.3-a-52-g30416fa
     0 | D:1      | 0 ||| qw: Game counter: 6250
     0 | D:1      | 0 ||| qw: Melee chars always use a shield: true
     0 | D:1      | 0 ||| qw: God list: Okawaru
     0 | D:1      | 0 ||| qw: Allow faded altars: false
     0 | D:1      | 0 ||| qw: Do Orc after clearing Dungeon:15 true
     0 | D:1      | 0 ||| qw: Do second Lair branch before Depths: true
     0 | D:1      | 0 ||| qw: Lair rune preference: random
     0 | D:1      | 0 ||| qw: Goals: Normal
     0 | D:1      | 0 ||| PLANNING D:1-11
    47 | D:1      | Found Pezofet's Vocational Training.
   112 | D:1      | Reached XP level 2. HP: 16/16 MP: 3/3
   366 | D:1      | 366 ||| READING scroll labelled ZILEOMN RIASKU.
   367 | D:1      | 367 ||| DROPPING scroll of poison.
   405 | D:2      | Reached skill level 3 in Ranged Weapons
   558 | D:2      | Reached XP level 3. HP: 12/21 MP: 4/4
   875 | D:2      | Noticed Natasha
   882 | D:2      | Killed Natasha
   883 | D:2      | Reached skill level 4 in Ranged Weapons
   883 | D:2      | Reached XP level 4. HP: 15/26 MP: 5/5
   903 | D:2      | Noticed Natasha
   913 | D:2      | Killed Natasha
  1010 | D:2      | Noticed Natasha
  1017 | D:2      | Killed Natasha
  1018 | D:2      | Reached XP level 5. HP: 30/30 MP: 6/6
  1127 | D:2      | 1127 ||| UPGRADING to +0 ring mail.
  1137 | D:2      | 1137 ||| DROPPING +0 robe.
  1138 | D:2      | 1138 ||| UPGRADING to +0 cloak.
  1143 | D:2      | 1143 ||| READING scroll labelled JOOGOO MENAE.
  1144 | D:2      | 1144 ||| DRINKING 2 sedimented clear potions.
  1145 | D:2      | 1145 ||| DRINKING 2 smoky coppery potions.
  1293 | D:3      | Reached skill level 1 in Armour
  1650 | D:3      | 1650 ||| UPGRADING to +0 helmet.
  1655 | D:3      | 1655 ||| UPGRADING to ring of willpower.
  1656 | D:3      | 1656 ||| DRINKING 2 amethyst potions.
  1657 | D:3      | 1657 ||| DROPPING potion of brilliance.
  1682 | D:4      | Noticed an acid dragon
  1691 | D:4      | HP: 5/30 [acid dragon (10)]
  1693 | D:4      | HP: 1/30 [acid dragon (5)]
  1694 | D:4      | Slain by an acid dragon

Levels and vault maps discovered:
D:1:      ebering_trefoil_3fold, layout_rooms, nicolae_shop_vocational
D:2:      minmay_angry_zag, layout_loops_ring, dk_vineyard_3, st_stairs_12,
          uniq_natasha
D:3:      layout_basic
D:4:      layout_loops_ring, old_standard_altar,
          nicolae_overflow_quartered_altars, minmay_temple_entry_ruins,
          gammafunk_ghost_necromancy, grunt_ministairs_14

Skill      XL: |  1  2  3  4  5 |
---------------+----------------+-----
Ranged Weapons | 3 4 |  4.9
Fighting       | 2 |  2.0
Armour         | 1 |  1.0
Dodging        | |  1.5
Spellcasting   | |  1.0
Hexes          | |  2.6

Action                     |  1- 3 |  4- 6 || total
---------------------------+-------+-------++-------
   Fire: Sling             |   120 |    88 ||   208
    Use: Scroll            |     1 |     1 ||     2
         Potion            |       |     3 ||     3
 Armour: Robe              |    24 |     2 ||    26
         Ring mail         |       |     7 ||     7
  Dodge: Dodged            |    55 |    22 ||    77

Table legend:
 A = Non-vault XP
 B = Vault XP
 C = Vault XP percentage of total XP
 D = Non-vault monster count
 E = Vault monster count
 F = Vault count percentage of total count
                 A         B        C        D         E       F
            +---------+---------+-------+---------+---------+-------
      Total |     170 |      46 |  21.3 |      51 |       5 |   8.9
            +---------+---------+-------+---------+---------+-------
        D:1 |      15 |       0 |   0.0 |      10 |       0 |   0.0
        D:2 |     119 |      46 |  27.9 |      27 |       5 |  15.6
        D:3 |      36 |       0 |   0.0 |      14 |       0 |   0.0
            +---------+---------+-------+---------+---------+-------
